 Dungeon Crawl Stone Soup version 0.31-a0-1057-g70f3316b05 (webtiles) character file.

Game seed: 3583436414404052257

28124 vahanchamaka the Cleaver (level 13, -2/108 (118) HPs)
             Began as a Hill Orc Fighter on Nov 19, 2023.
             Was a Priest of Elyvilon.
             Succumbed to Nessos's poison
             ... on level 1 of the Orcish Mines on Nov 20, 2023.
             The game lasted 03:12:30 (19977 turns).

vahanchamaka the Cleaver (Hill Orc Fighter)        Turns: 19977, Time: 03:12:30

HP:   -2/108 (118)  AC: 27    Str: 24    XL:     13   Next: 36%
MP:   17/17         EV:  8    Int:  8    God:    Elyvilon [***...]
Gold: 778           SH:  6    Dex: 12    Spells: 10/13 levels left

rFire   + . .        G - +6 hand axe "Myodaj" {freeze, rCorr Dex+2}
rCold   + . .        c - +0 buckler
rNeg    . . .        g - +2 plate armour {rC+}
rPois   .            L - +2 helmet
rElec   .            e - +0 cloak
rCorr   +            j - +0 pair of gloves
SInv    .            f - +1 pair of boots
Will    +....        (no amulet) Stlth
                     d - ring of willpower
HPRegen 0.38/turn    t - ring of protection from fire
MPRegen 0.15/turn

%: no passive effects
@: lethally poisoned (-2 -> -51), drained
A: no striking features
a: Renounce Religion, Purification, Heal Other, Heal Self


You were on level 1 of the Orcish Mines.
You worshipped Elyvilon.
Elyvilon was most pleased with you.
You visited 4 branches of the dungeon, and saw 16 of its levels.
You also visited: Ossuary and Bailey.

You collected 1002 gold pieces.
You spent 224 gold pieces at shops.

Inventory:

Hand Weapons
 G - the +6 hand axe "Myodaj" (weapon) {freeze, rCorr Dex+2}
   (You bought it in a shop on level 4 of the Dungeon)

   Dex+2:     It affects your dexterity (+2).
   rCorr:     It protects you from acid and corrosion.
 O - a +2 war axe of flaming
 P - a +5 halberd
Missiles
 y - 30 poisoned darts
 K - 10 boomerangs
 N - 4 throwing nets
 T - 2 curare-tipped darts
 Y - 2 javelins
Armour
 c - a +0 buckler (worn)
 e - a +0 cloak (worn)
 f - a +1 pair of boots (worn)
 g - a +2 plate armour of cold resistance (worn)
 j - a +0 pair of gloves (worn)
 n - a +0 plate armour
 L - a +2 helmet (worn)
Jewellery
 d - a ring of willpower (left hand)
 s - a ring of wizardry
 t - a ring of protection from fire (right hand)
 W - a ring of fire
Wands
 z - a wand of polymorph (3)
 M - a wand of light (3) (quivered)
 Q - a wand of mindburst (13)
 R - a wand of roots (9)
 Z - a wand of paralysis (13)
Scrolls
 a - a scroll of acquirement {unknown}
 b - a scroll of fog
 i - a scroll of revelation
 o - 2 scrolls of teleportation
 r - 3 scrolls of vulnerability {unknown}
 u - a scroll of immolation
 A - a scroll of brand weapon {unknown}
 H - 2 scrolls of amnesia
 J - 2 scrolls of poison
 V - 2 scrolls of noise
 X - 2 scrolls of enchant weapon
Potions
 k - 6 potions of degeneration
 l - a potion of berserk rage
 x - 4 potions of brilliance
 B - 2 potions of mutation {unknown}
 C - 8 potions of curing
 D - a potion of enlightenment
 E - a potion of cancellation {unknown}
 F - 3 potions of magic
 U - a potion of ambrosia {unknown}


   Skills:
 + Level 12.1 Fighting
 + Level 14.8(15.0) Axes
 + Level 3.3(8.8) Maces & Flails
 + Level 2.0 Throwing
 + Level 13.5 Armour
 + Level 3.1 Dodging
 + Level 2.2 Stealth
 + Level 8.8 Shields
 + Level 0.5 Spellcasting
 + Level 1.1 Hexes
 + Level 1.3 Fire Magic
 + Level 6.5 Invocations
 + Level 3.0 Evocations


You had 10 spell levels left.
You knew the following spells:

 Your Spells              Type           Power      Damage    Failure   Level
a - Inner Flame           Hex/Fire       2%         N/A       100%        3

Your spell library contained the following spells:

 Spells                   Type           Power      Damage    Failure   Level
 Sting                    Tmut/Pois      0%         1d3       99%         1
 Ensorcelled Hibernation  Hex/Ice        2%         N/A       99%         2
 Blink                    Tloc           0%         N/A       100%        2
 Lesser Beckoning         Tloc           0%         N/A       100%        2
 Momentum Strike          Conj/Tloc      0%         3d8       100%        2
 Passwall                 Tmut/Erth      0%         N/A       100%        2
 Poisonous Vapours        Pois/Air       0%         N/A       100%        2
 Swiftness                Air            0%         N/A       100%        3
 Flame Wave               Conj/Fire      1%         2d4       100%        4
 Olgreb's Toxic Radiance  Pois           0%         N/A       100%        4
 Sticky Flame             Conj/Fire      1%         2d3       100%        4


Dungeon Overview and Level Annotations

Branches:
Dungeon (12/15)            Temple (1/1) D:7            Lair (1/5) D:8
    Orc (2/2) D:11        Ossuary (visited)          Bailey (visited)
    Elf: Orc:2

Altars:
Ashenzari
Cheibriados
Dithmenos
Elyvilon
Fedhas
Gozag
Hepliaklqana
Kikubaaqudgha
Makhleb
Nemelex Xobeh
Okawaru
Qazlal
Ru
Sif Muna
Trog
Uskayaw
Vehumet
Wu Jian
Xom
Yredelemnul
Zin
The Shining One

Shops:
D:4 (   Orc:1 :

Annotations:
Orc:2 Nessos


Message History

Nessos is blinded.
Nessos shoots an arrow.
The arrow hits you! The arrow burns you.
You are poisoned.
Nessos casts a spell.
Nessos seems to speed up.
Aiming: Bolt of Light
Press: ? - help, Q - select action, (/) - cycle Shift-Dir - straight line, f - orc warrior, p - Nessos
Aim: an orc warrior, wielding a +0 trident and wearing a +0 plate armour (74% to hit)
The bolt of light hits the orc warrior.
The orc warrior is lightly wounded.
The orc warrior is blinded.
You feel very sick.
Nessos shoots an arrow.
The arrow closely misses you. You block the orc's attack.
You block the orc warrior's attack.
Aiming: Bolt of Light
Press: ? - help, Q - select action, (/) - cycle Shift-Dir - straight line, f/p - orc warrior
Aim: an orc warrior, wielding a +0 trident and wearing a +0 plate armour (lightly wounded, blind, 74% to hit)
The bolt of light misses the orc warrior.
You feel sick.
Nessos shoots an arrow.
The arrow hits you!!
You are more poisoned.
The orc warrior hits you from afar with a +0 glaive!
The orc sorcerer gestures at you while chanting.
The bolt of negative energy hits you!!
You feel drained. The orc hits you but does no damage.
The orc warrior hits you but does no damage.
Nessos shoots an arrow.
The arrow hits you! The arrow burns you.
You are lethally poisoned!
You can't go down here!
* * * LOW HITPOINT WARNING * * *
You feel extremely sick.
Nessos gestures wildly while chanting.
Nessos shoots an arrow.
The arrow hits you!
* * * LOW HITPOINT WARNING * * *
The arrow burns you.
You are more poisoned.
* * * LOW HITPOINT WARNING * * *
The orc warrior hits you but does no damage.
You block the orc's attack. The orc warrior completely misses you.
You climb upwards.
You die...

#.#####.....###..#...#.###
..##.#......##...........##
..........................#
#....#.#..#..............##
........##..............## ###
..##....##.............#####.##
..).....#..............[#.#...##
...#..........#........).)[..).#
........#.......@........[.[.)<##
#..#.......................[[)#)#
######..##.................).[...
##..####..............))....#
#....# #...................##
###..## ##...................#
##.#### #....................
##...# ##...........#........
##.#..## ##.......^.#...##..#..#


There were no monsters in sight!

Vanquished Creatures
  An orc warlord (D:11)
  Harold (D:10)
  A two-headed ogre (D:12)
  7 death yaks
  Urug (D:11)
  Sonja (D:10)
  A shadow wraith (D:11)
  An ugly thing (D:12)
  An orc knight (D:11)
  3 orc sorcerers
  A cyclops (D:11)
  Maurice (D:9)
  2 gargoyles
  2 cane toads (Lair:1)
  2 unseen horrors (D:11)
  3 komodo dragons
  Jeremiah (D:7)
  A kobold demonologist (D:11)
  5 trolls
  A polar bear (Lair:1)
  2 hornets (D:9)
  23 yaks
  A wraith (D:10)
  3 shadows
  A wyvern (D:8)
  A basilisk (D:8)
  2 steam dragons (D:7)
  2 wargs (Orc:2)
  Menkaure (D:5)
  An acid dragon (D:11)
  23 orc warriors
  2 ice beasts
  2 black bears
  3 centaurs
  4 ogres
  3 phantoms
  2 elf zombies (Ossuary)
  3 kobold brigands
  4 bullfrogs
  A gnoll sergeant (D:7)
  6 scorpions
  16 wights
  8 killer bees
  7 howler monkeys
  9 vampire bats (Bailey)
  5 wolf zombies (Bailey)
  An electric eel (D:6)
  6 centaur zombies (Ossuary)
  4 human zombies (Ossuary)
  3 hounds
  2 jellies
  16 orc priests
  Crazy Yiuf (D:4)
  A gnoll bouda (D:8)
  3 iguanas (D:5)
  3 hell rats (D:8)
  17 orc wizards
  3 mummies (Ossuary)
  13 gnolls
  A river rat (D:8)
  6 adders
  2 shadow imps
  A white imp (D:7)
  2 ufetubi (D:6)
  A worm (D:3)
  A dart slug (D:1)
  60 orcs
  6 endoplasms
  2 giant cockroaches (D:1)
  14 goblins
  8 hobgoblins
  3 jackals (D:3)
  6 quokkas
  8 ball pythons
  4 bats
  4 frilled lizards
  27 kobolds
  18 orc zombies (Bailey)
  7 rats
  2 butterflies (D:8)
428 creatures vanquished.

Vanquished Creatures (others)
  An orc (D:11)
  3 kobolds
4 creatures vanquished.

Grand Total: 432 creatures vanquished

Notes
Turn   | Place    | Note
-------+----------+-------------------------------------------
     0 | D:1      | vahanchamaka the Hill Orc Fighter began the quest for the
                  | Orb.
     0 | D:1      | Reached XP level 1. HP: 19/19 MP: 1/1
   154 | D:1      | Reached XP level 2. HP: 27/27 MP: 2/2
   289 | D:1      | Reached skill level 3 in Axes
   390 | D:1      | Reached XP level 3. HP: 30/33 MP: 3/3
   460 | D:1      | Found a faded altar of an unknown god.
   483 | D:1      | Prayed at the altar of an unknown god.
   483 | D:1      | Became a worshipper of Sif Muna the Loreminder
   483 | D:1      | Reached * piety under Sif Muna
   484 | D:1      | Fell from the grace of Sif Muna
  1452 | D:2      | Reached XP level 4. HP: 35/40 MP: 4/4
  1643 | D:2      | Reached skill level 4 in Axes
  1926 | D:3      | Noticed a scorpion
  1933 | D:3      | Killed a scorpion
  1934 | D:3      | Reached XP level 5. HP: 46/46 MP: 5/5
  2471 | D:3      | Learned a level 3 spell: Inner Flame
  3126 | D:3      | Reached skill level 1 in Maces & Flails
  3126 | D:3      | Reached XP level 6. HP: 30/53 MP: 4/6
  3495 | D:3      | Found a glowing golden altar of the Shining One.
  3501 | D:3      | Found a shimmering blue altar of Sif Muna.
  3505 | D:3      | Found a sparkling altar of Nemelex Xobeh.
  3507 | D:3      | Found a broken altar of Ashenzari.
  3515 | D:3      | Found a white marble altar of Elyvilon.
  3580 | D:3      | Became a worshipper of Elyvilon the Healer
  4205 | D:4      | Noticed a black bear
  4227 | D:4      | Killed a black bear
  4228 | D:4      | Reached skill level 1 in Hexes
  4249 | D:4      | Found Sugosav's Antique Weapon Boutique.
  4304 | D:4      | Reached * piety under Elyvilon
  4313 | D:4      | Reached skill level 5 in Armour
  4313 | D:4      | Reached XP level 7. HP: 60/60 MP: 7/7
  4339 | D:4      | Found a runed translucent door.
  4340 | D:4      | Noticed Crazy Yiuf
  4349 | D:4      | Killed Crazy Yiuf
  4522 | D:4      | Reached skill level 5 in Fighting
  4522 | D:4      | Reached skill level 5 in Axes
  5038 | D:5      | Entered Level 5 of the Dungeon
  5038 | D:5      | Reached ** piety under Elyvilon
  5725 | D:4      | Bought a jewelled hand axe for 224 gold pieces
  5725 | D:4      | Identified the +6 hand axe "Myodaj" {freeze, rCorr Dex+2}
                  | (You bought it in a shop on level 4 of the Dungeon)
  5845 | D:5      | Noticed Menkaure
  5854 | D:5      | Killed Menkaure
  5855 | D:5      | Reached skill level 1 in Fire Magic
  5856 | D:5      | Reached XP level 8. HP: 27/69 MP: 8/8
  6032 | D:5      | Reached skill level 5 in Shields
  6341 | D:5      | Was forgiven by Sif Muna
  6365 | D:5      | Reached skill level 6 in Axes
  7009 | D:6      | Found a radiant altar of Vehumet.
  7079 | D:6      | Reached skill level 7 in Axes
  7079 | D:6      | Reached XP level 9. HP: 72/78 MP: 9/9
  7183 | D:6      | Reached *** piety under Elyvilon
  7384 | D:6      | Found an opulent altar of Gozag.
  7533 | D:6      | Found a burning altar of Makhleb.
  7613 | D:6      | Found a hazy altar of Hepliaklqana.
  7921 | D:7      | Noticed Jeremiah
  7941 | D:7      | Killed Jeremiah
  7942 | D:7      | Reached skill level 8 in Axes
  7958 | D:7      | Found a staircase to the Ecumenical Temple.
  8119 | D:7      | Reached **** piety under Elyvilon
  8167 | D:7      | Found a sand-covered staircase.
  8172 | Ossuary  | Entered an ossuary
  8246 | Ossuary  | Reached skill level 9 in Axes
  8353 | Ossuary  | Reached skill level 1 in Stealth
  8563 | Temple   | Entered the Ecumenical Temple
  8675 | D:7      | Reached skill level 10 in Axes
  8675 | D:7      | Reached XP level 10. HP: 83/88 MP: 10/10
  8748 | D:7      | Reached skill level 1 in Dodging
  8865 | D:7      | Found an ornate altar of the Wu Jian Council.
  9465 | D:8      | Found a flagged portal.
  9494 | D:8      | Found a staircase to the Lair.
  9508 | Bailey   | Entered a bailey
  9723 | Bailey   | Reached skill level 11 in Axes
  9934 | D:8      | Noticed a death yak
  9934 | D:8      | Noticed a death yak
  9980 | D:8      | Reached skill level 1 in Invocations
 10245 | D:8      | Noticed a death yak
 10270 | D:8      | Killed a death yak
 10271 | D:8      | Reached skill level 1 in Evocations
 10284 | D:8      | Killed a death yak
 10296 | D:8      | Killed a death yak
 10297 | D:8      | Reached XP level 11. HP: 48/97 MP: 7/14
 10507 | D:8      | Found a sacrificial altar of Ru.
 10678 | D:8      | Found a bloodstained altar of Trog.
 10746 | D:8      | Found a glowing silver altar of Zin.
 11112 | D:8      | Found a shimmering altar of Xom.
 11372 | Lair:1   | Entered Level 1 of the Lair of Beasts
 11517 | Lair:1   | Reached skill level 12 in Axes
 11720 | Lair:1   | Reached skill level 10 in Armour
 11839 | D:8      | Upgraded the game from 0.31-a0-1036-g31867e143a to
                  | 0.31-a0-1057-g70f3316b05
 11970 | D:9      | Paralysed by a hornet for 3 turns
 11978 | D:9      | Reached skill level 5 in Invocations
 12110 | D:9      | Noticed Maurice
 12112 | D:9      | Paralysed by Maurice for 2 turns
 12125 | D:9      | Killed Maurice
 12229 | D:9      | Reached skill level 1 in Throwing
 12597 | D:9      | Found a stormy altar of Qazlal.
 13048 | D:10     | Entered Level 10 of the Dungeon
 13064 | D:10     | Reached skill level 13 in Axes
 13122 | D:10     | Noticed Harold
 13141 | D:10     | Killed Harold
 13441 | D:10     | Reached skill level 10 in Fighting
 13762 | D:10     | Noticed Sonja
 13775 | D:10     | Killed Sonja
 13776 | D:10     | Reached XP level 12. HP: 80/106 MP: 14/16
 14413 | Lair:1   | Noticed a death yak
 14427 | Lair:1   | Noticed a death yak
 14428 | Lair:1   | Noticed a death yak
 14430 | Lair:1   | Noticed a death yak
 14438 | Lair:1   | Killed a death yak
 14446 | Lair:1   | Killed a death yak
 14447 | Lair:1   | Reached skill level 14 in Axes
 14516 | Lair:1   | Killed a death yak
 14520 | Lair:1   | Killed a death yak
 15079 | Lair:1   | Noticed a seven-headed hydra
 15380 | D:11     | Noticed a +0 dagger
 15381 | D:11     | Noticed a +0 short sword
 15381 | D:11     | Noticed a +0 dagger
 15382 | D:11     | Noticed a +0 short sword
 15383 | D:11     | Noticed a +0 spear
 15384 | D:11     | Noticed a +0 spear
 15387 | D:11     | Found a hide-covered altar of Uskayaw.
 15913 | D:11     | Found a staircase to the Orcish Mines.
 16005 | D:11     | Noticed Urug
 16018 | D:11     | Killed Urug
 17046 | D:12     | Noticed a two-headed ogre
 17055 | D:12     | Killed a two-headed ogre
 17346 | D:12     | Reached XP level 13. HP: 104/116 MP: 17/17
 17431 | Orc:1    | Entered Level 1 of the Orcish Mines
 17456 | Orc:1    | Noticed an orc warlord
 17570 | D:11     | Killed an orc warlord
 18436 | Orc:1    | Found Huocw's Book Boutique.
 18573 | Orc:2    | Entered Level 2 of the Orcish Mines
 18852 | Orc:2    | Elyvilon protects you from harm!
 19099 | Orc:2    | Elyvilon protects you from harm!
 19619 | Orc:2    | Noticed Nessos
 19977 | Orc:1    | Succumbed to Nessos's poison

Illustrated notes

Levels and vault maps discovered:
D:1:      spicycebolla_green_bress_n_ham_2, layout_basic,
          hellmonk_ecumenical_altar_pennies_from_heaven,
          minmay_misc_feat_columns, kennysheep_another_room, st_stairs_1,
          kennysheep_minor_cross, nicolae_kite_square_tiling_tiny
D:2:      layout_rooms
D:3:      layout_basic, nicolae_overflow_hallway_of_the_gods
D:4:      layout_loops_corners, serial_shops, shop, minmay_crossroads,
          uniq_crazy_yiuf_cottage
D:5:      layout_cave_pools, serial_glass, glass_columns_a, glass_columns_a,
          nicolae_sextant, hangedman_decor_slide_cut,
          hangedman_abyss_or_decor_jellyfish_corner, uniq_menkaure
D:6:      layout_basic, old_standard_altar, nicolae_overflow_squiral,
          nicolae_gozag_seed_capital, minmay_misc_feat_cross,
          hangedman_decor_clover_reticule, serial_bayou_pond_d
D:7:      layout_loops_ring, mainiacjoe_overflow_small_starburst,
          temple_doors_cd, enter_ossuary_2, uniq_jeremiah
D:8:      layout_loops_cross, kennysheep_little_box, lemuel_crystal_altar,
          xom_butterflies, zin_academy, dpeg_lair_monsters, serial_glass,
          glass_columns_b, glass_columns_b, enter_bailey_5
D:9:      layout_gridville, marbit_many_paths, kennysheep_generic_room_4,
          uniq_maurice
D:10:     layout_roguey, uniq_sonja, uniq_harold
D:11:     layout_roguey, orc_0_dummy, nicolae_uskayaw_en_pointe, uniq_urug
D:12:     layout_basic, minmay_statue_crystal_thing
Temple:   nicolae_temple_ecumenical_triangle
Lair:1:   gammafunk_lair_enchanted_lake, layout_gridlike, minivault_24
Orc:1:    layout_caves, serial_shops, nicolae_shop_peninsula
Orc:2:    pf_orc_diabolical, layout_caves, nicolae_orc_tapped_out, uniq_nessos

Skill      XL: |  1  2  3  4  5  6  7  8  9 10 11 12 13 |
---------------+----------------------------------------+-----
Axes           | 3 4 5 7 10 11 13 14 | 14.8
Fighting       | 4 5 6 7 9 10 11 12 | 12.1
Armour         | 4 5 6 7 9 11 12 13 | 13.5
Shields        | 4 6 7 8 |  8.8
Maces & Flails | 1 2 3 |  3.3
Hexes          | 1 |  1.1
Fire Magic     | 1 |  1.3
Stealth        | 1 2 |  2.2
Dodging        | 2 3 |  3.1
Invocations    | 4 5 6 |  6.5
Evocations     | 1 2 3 |  3.0
Throwing       | 1 2 |  2.0
Spellcasting   | |  0.5

Action                     |  1- 3 |  4- 6 |  7- 9 | 10-12 | 13-15 || total
---------------------------+-------+-------+-------+-------+-------++-------
  Melee: War axe           |   119 |    20 |       |       |       ||   139
         Mace              |       |    84 |    65 |       |       ||   149
         Hand axe          |       |       |   280 |   743 |   240 ||  1263
  Throw: Stone             |       |     3 |    12 |       |       ||    15
         Dart              |       |     2 |     1 |     5 |       ||     8
         Boomerang         |       |       |     4 |     8 |       ||    12
         Javelin           |       |       |       |       |    12 ||    12
   Cast: Inner Flame       |       |     6 |       |       |       ||     6
 Invoke: Renounce Religion |     1 |       |       |       |       ||     1
         Heal Self         |       |       |       |    24 |     5 ||    29
         Purification      |       |       |       |     2 |       ||     2
         Heal Other        |       |       |       |     3 |       ||     3
  Evoke: Wand              |       |       |     1 |    23 |    10 ||    34
    Use: Scroll            |     1 |     5 |     5 |    16 |     2 ||    29
         Potion            |       |     1 |     2 |     7 |     2 ||    12
 Armour: Scale mail        |    32 |       |       |       |       ||    32
         Chain mail        |    68 |    82 |   208 |   595 |    31 ||   984
         Skin              |       |     6 |       |       |       ||     6
         Robe              |       |     5 |       |       |       ||     5
         Plate armour      |       |       |       |       |   241 ||   241
  Dodge: Dodged            |    43 |    50 |    87 |   215 |    94 ||   489
  Block: Buckler           |    26 |    23 |    72 |   141 |    96 ||   358

Table legend: (Time is in decaauts)
 A = Elapsed time spent in this place.
 B = Non-inter-level travel time spent in this place.
 C = Inter-level travel time spent in this place.
 D = Time resting spent in this place.
 E = Time spent auto-exploring this place.
 F = Levels seen in this place.
 G = Mean time per level.
                   A        B        C        D        E       F      G
               +--------+--------+--------+--------+--------+-----+--------+
         Total |  19794 |  19733 |     61 |   5273 |   5764 |  18 | 1099.7 |
       Dungeon |  16501 |  16440 |     61 |   4022 |   5327 |  12 | 1375.1 |
        Temple |     43 |     43 |      0 |      0 |      0 |   1 |   43.0 |
          Lair |    929 |    929 |      0 |    284 |    279 |   1 |  929.0 |
  Orcish Mines |   1791 |   1791 |      0 |    967 |    158 |   2 |  895.5 |
       Ossuary |    188 |    188 |      0 |      0 |      0 |   1 |  188.0 |
        Bailey |    338 |    338 |      0 |      0 |      0 |   1 |  338.0 |
               +--------+--------+--------+--------+--------+-----+--------+

Top non-repeatable levels by time:
    D:11: 2323 daAuts
     D:8: 2026 daAuts
     D:3: 1903 daAuts
     D:4: 1725 daAuts
   Orc:1: 1489 daAuts
     D:9: 1440 daAuts
     D:7: 1349 daAuts
     D:5: 1195 daAuts
     D:6: 1143 daAuts
     D:1: 1133 daAuts
    D:10: 1039 daAuts
  Lair:1: 929 daAuts
     D:2: 849 daAuts
    D:12: 371 daAuts
  Bailey: 338 daAuts
